 Dungeon Crawl Stone Soup version 0.28-a0-919-g0b5b508569 (webtiles) character file.

Game seed: 10926926544553045979

2746 Twinkles the Ducker (level 10, -10/73 HPs)
             Began as a Djinni Gladiator on Nov 25, 2021.
             Mangled by a two-headed ogre (19 damage)
             ... on level 9 of the Dungeon.
             The game lasted 00:40:33 (11485 turns).

Twinkles the Ducker (Djinni Gladiator)             Turns: 11485, Time: 00:40:33

Health: -10/73     AC: 13    Str: 16    XL:     10   Next: 0%
Gold:   258        EV:  7    Int: 10    God:
                   SH: 10    Dex: 15

rFire   + + .      SeeInvis .   b - +2 dagger (venom)
rCold   . . .      Faith    .   g - +0 kite shield
rNeg    . . .      Spirit   .   k - +1 chain mail {rC+}
rPois   ∞          Reflect  .   c - +0 helmet
rElec   .          Harm     .   (no cloak)
rCorr   .          Rampage  .   D - +1 pair of gloves
Will    +++..                   (boots unavailable)
Stlth   ..........              (no amulet)
HPRegen 0.22/turn               v - ring of willpower
MPRegen 0.00/turn               A - ring of willpower

@: flying
A: sickness immunity, fire resistance 2, cold vulnerability 1, float, innate
caster, hp casting, extra vitality 1
a: no special abilities


You were on level 9 of the Dungeon.
You visited 1 branch of the dungeon, and saw 10 of its levels.

You collected 423 gold pieces.
You spent 165 gold pieces at shops.

Inventory:

Hand Weapons
 a - a +0 long sword
 b - a +2 dagger of venom (weapon)
Missiles
 d - 3 throwing nets
 h - 102 sling bullets
 s - 301 stones
 y - 15 poisoned darts (quivered)
Armour
 c - a +0 helmet (worn)
 g - a +0 kite shield (worn)
 j - a +0 leather armour
 k - a +1 chain mail of cold resistance (worn)
 l - a +0 ring mail
 m - a +0 chain mail
 D - a +1 pair of gloves (worn)
Magical Staves
 r - a staff of fire
Jewellery
 v - a ring of willpower (left hand)
 A - a ring of willpower (right hand)
 G - a ring of protection from cold
 H - a ring of willpower
Wands
 e - a wand of charming (13)
 i - a wand of iceblast (9)
Scrolls
 q - a scroll of torment
 K - a scroll of immolation
 V - 4 scrolls of vulnerability
 Y - 5 scrolls of teleportation
 Z - a scroll of identify
Potions
 f - a potion of brilliance {unknown}
 n - a potion of cancellation {unknown}
 p - 2 potions of flight {unknown}
 u - 2 potions of berserk rage {unknown}
 z - 2 potions of degeneration {unknown}
 B - a potion of mutation {unknown}
 E - a potion of ambrosia {unknown}
 F - 2 potions of haste {unknown}
 J - 2 potions of curing
 N - 2 potions of heal wounds
 Q - 2 potions of magic
 R - 3 potions of resistance


   Skills:
 + Level 6.4 Fighting
 + Level 6.3 Long Blades
 - Level 1.5 Throwing
 - Level 4.3 Armour
 - Level 6.6 Dodging
 + Level 5.6 Shields
 - Level 1.8 Spellcasting


You had 3 spell levels left.
You knew the following spells:

 Your Spells              Type           Power      Damage    Failure   Level
a - Foxfire               Conj/Fire      16%        2x1d4     100%        1
b - Passwall              Tmut/Erth      3%         N/A       100%        2
c - Dazzling Flash        Conj/Hex       8%         N/A       100%        3
d - Mephitic Cloud        Conj/Pois/Air  4%         N/A       100%        3
Your spell library was empty.


Dungeon Overview and Level Annotations

Branches:
Dungeon (10/15)            Temple (0/1) D:7            Lair (0/6) D:9
    Orc (0/2) D:10

Altars:
Okawaru

Shops:
D:4 ?[=   D:8 =[

Annotations:
D:3 Prince Ribbit
D:8 Gastronok, Harold


Innate Abilities, Weirdness & Mutations

You are immune to sickness and miasma.
You are immune to poison.
Your flesh is very heat resistant. (rF++)
You are vulnerable to cold. (rC-)
You float through the air rather than walking.
You learn spells naturally, not from books.
Your magical power is your life essence.
You have superior vitality. (+4 HP)


Message History

Found a pair of gloves.
There is an open door here.
The two-headed ogre closely misses you.
The two-headed ogre hits you with a +0 giant club!
You block the two-headed ogre's attack. x2
You hit the two-headed ogre but do no damage.
The two-headed ogre is poisoned.
The two-headed ogre is lightly wounded.
You block the two-headed ogre's attack.
The two-headed ogre hits you with a +0 giant club.
Throw: 16 darts (poison)
Press: ? - help, Q - select action, (/) - cycle Shift-Dir - straight line, f/p - two-headed ogre
Aim: a two-headed ogre, wielding two +0 giant clubs (moderately wounded, poisoned, 75% to hit)
You throw a poisoned dart.
The poisoned dart barely misses the two-headed ogre.
The two-headed ogre hits you with a +0 giant club!!
* * * LOW HITPOINT WARNING * * *
The two-headed ogre barely misses you.
You barely miss the two-headed ogre.
The two-headed ogre is moderately wounded.
The two-headed ogre looks more healthy.
You see here a +1 dagger of venom.
Things that are here:
a +0 flail; a +0 leather armour; an orc corpse
Things that are here:
a +0 dagger; a +0 robe An orc warrior comes into view.
It is wielding a +0 vampiric scimitar.
You block the two-headed ogre's attack. x2
A kobold brigand comes into view.
It is wielding a +0 dagger and quivering poisoned darts.
There is a stone staircase leading down here.
The two-headed ogre hits you with a +0 giant club.
* * * LOW HITPOINT WARNING * * *
The two-headed ogre hits you but does no damage.
You fly downwards.
There is a stone staircase leading up here.
There is an escape hatch in the ceiling here.
The two-headed ogre hits you with a +0 giant club!
* * * LOW HITPOINT WARNING * * *
The two-headed ogre hits you with a +0 giant club!!
You die...

.###..##.####......#.#
.####.##.#.........#.# .
.........#.#.......#.##.
#. ..###.####.#.##+##.....
...
##.####.#?##.##.#.##..#.
...................>....
...........#............
............#..O.<.......
....##.......#.@########..
....# ##................
####......###..). #.!
##.....# ## ...# #....$#
###. #...#... .........
#.......... ##..#..####


You could see a two-headed ogre.

Vanquished Creatures
  Pikel (D:6)
  2 water moccasins
  An acid dragon (D:9)
  An ice beast (D:5)
  A sky beast (D:6)
  A black bear (D:8)
  2 orc warriors
  An ogre (D:6)
  3 centaurs
  A lemure (D:6)
  A phantom (D:4)
  A bullfrog (D:8)
  A gnoll sergeant (D:10)
  A wyvern zombie (D:7)
  2 scorpions
  2 wyvern skeletons
  3 water moccasin skeletons
  A hound (D:5)
  A jelly (D:6)
  3 orc priests
  An iguana (D:3)
  7 orc wizards
  A hound zombie (D:5)
  A howler monkey zombie (D:5)
  2 adders
  6 gnolls
  2 shadow imps
  3 white imps
  2 adder skeletons
  4 dart slugs
  26 orcs
  9 ball pythons
  5 endoplasms
  4 giant cockroaches
  4 goblins
  8 hobgoblins
  4 jackals (D:2)
  10 bats
  5 frilled lizards
  8 kobolds
  6 rats
148 creatures vanquished.

Vanquished Creatures (collateral kills)
  An orc (D:7)
1 creature vanquished.

Vanquished Creatures (others)
  9 foxfires
9 creatures vanquished.

Grand Total: 158 creatures vanquished

Notes
Turn   | Place    | Note
-------+----------+-------------------------------------------
     0 | D:1      | Twinkles the Djinni Gladiator began the quest for the Orb.
     0 | D:1      | Reached XP level 1. HP: 18/18 MP: 0/0
    63 | D:1      | Reached XP level 2. HP: 23/23 MP: 0/0
   247 | D:1      | Reached XP level 3. HP: 28/28 MP: 0/0
   247 | D:1      | Learned a level 1 spell: Foxfire
   615 | D:1      | Reached skill level 1 in Armour
   741 | D:1      | Found a faded altar of an unknown god.
  1839 | D:3      | Reached XP level 4. HP: 31/34 MP: 0/0
  2019 | D:3      | Reached skill level 1 in Spellcasting
  2358 | D:3      | Reached XP level 5. HP: 31/39 MP: 0/0
  2358 | D:3      | Learned a level 2 spell: Passwall
  2433 | D:3      | Noticed an orc warrior
  2521 | D:4      | Found Ynuxod's Armour Emporium.
  2670 | D:4      | Found Juir's Magic Scroll Shop.
  2798 | D:3      | HP: 8/40 [orc warrior (7)]
  2815 | D:3      | Killed an orc warrior
  2816 | D:3      | Reached skill level 1 in Shields
  2816 | D:3      | Reached XP level 6. HP: 12/46 MP: 0/0
  3074 | D:4      | Bought a +1 chain mail of cold resistance for 165 gold
                  | pieces
  3660 | D:4      | Reached XP level 7. HP: 47/50 MP: 0/0
  3660 | D:4      | Learned a level 3 spell: Dazzling Flash
  3824 | D:4      | Found an iron altar of Okawaru.
  4242 | D:4      | Found Cahab's Jewellery Boutique.
  4590 | D:5      | Entered Level 5 of the Dungeon
  4590 | D:5      | Noticed Prince Ribbit
  4901 | D:4      | HP: 14/50 [Prince Ribbit (10)]
  4917 | D:5      | HP: 10/50 [water moccasin skeleton (1)]
  5731 | D:4      | Reached skill level 5 in Dodging
  6306 | D:4      | HP: 13/51 [phantom (3)]
  6545 | D:5      | HP: 14/51 [wyvern skeleton (10)]
  6959 | D:5      | Reached XP level 8. HP: 58/58 MP: 0/0
  7283 | D:5      | HP: 15/58 [ice beast (10)]
  7284 | D:5      | HP: 3/58 [ice beast (11)]
  7287 | D:5      | HP: 1/58 [dart slug/slug dart (3)]
  8099 | D:6      | Noticed Pikel
  8145 | D:6      | Killed Pikel
  8146 | D:6      | Reached skill level 5 in Fighting
  8146 | D:6      | Reached skill level 5 in Long Blades
  8146 | D:6      | Reached XP level 9. HP: 49/65 MP: 0/0
  8146 | D:6      | Learned a level 3 spell: Mephitic Cloud
  8915 | D:6      | HP: 18/65 [wyvern skeleton (12)]
  9329 | D:7      | HP: 18/65 [wyvern zombie (6)]
  9333 | D:7      | HP: 8/65 [wyvern zombie (3)]
  9691 | D:7      | Found a staircase to the Ecumenical Temple.
 10156 | D:7      | You are sucked into a shaft and drop 3 floors!
 10156 | D:10     | Entered Level 10 of the Dungeon
 10196 | D:9      | HP: 18/66 [orc warrior (6)]
 10204 | D:9      | HP: 18/66 [orc warrior (2)]
 10224 | D:9      | HP: 17/66 [orc warrior (5)]
 10248 | D:9      | HP: 15/66 [orc warrior (7)]
 10271 | D:10     | Found a staircase to the Orcish Mines.
 10653 | D:9      | Reached skill level 5 in Shields
 10800 | D:9      | Found a staircase to the Lair.
 10945 | D:9      | HP: 16/66 [water moccasin (8)]
 11238 | D:9      | Noticed a thrashing horror
 11274 | D:8      | Found Vazason's Armour Shoppe.
 11310 | D:8      | Reached XP level 10. HP: 72/73 MP: 0/0
 11328 | D:8      | Found Asiulaixi's Jewellery Emporium.
 11347 | D:8      | Noticed Gastronok
 11384 | D:8      | Noticed a two-headed ogre
 11385 | D:8      | Noticed Harold
 11431 | D:8      | HP: 7/73 [two-headed ogre (22)]
 11480 | D:8      | HP: 15/73 [two-headed ogre (3)]
 11485 | D:9      | HP: 9/73 [two-headed ogre (7)]
 11485 | D:9      | Mangled by a two-headed ogre

Illustrated notes

Levels and vault maps discovered:
D:1:      scummos_arrival_checkerplants, layout_rooms,
          hellmonk_ecumenical_altar_heavens_door, minmay_hexomino_u4
D:2:      layout_loops_corners
D:3:      layout_basic, minmay_divided_ellipse
D:4:      layout_loops_corners, marbit_many_paths, serial_shops,
          nicolae_shop_advertising_works [nicolae_subvault_shop_adworks],
          kennysheep_cross_bottleneck, nicolae_inconvenience_store,
          wad_floor_pattern_1, minmay_shop_grid_forest
D:5:      layout_rooms, palyth_stone_intersect, chequers_hall_statues_wall_a,
          kennysheep_generic_room_2, uniq_prince_ribbit1
D:6:      layout_basic, kennysheep_small_circle, uniq_pikel
D:7:      layout_rooms, minmay_temple_entry_tees
D:8:      layout_basic, serial_shops, kennysheep_mini, nicolae_shop_crystal,
          serial_glass, glass_columns_c, glass_columns_b,
          minmay_strange_pillars, uniq_gastronok, uniq_harold
D:9:      layout_basic, lair_entry_dummy, gammafunk_ghost_abyssal_escape,
          special_room [special_room_orc]
D:10:     layout_rooms, orc_0_dummy

Skill      XL: |  1  2  3  4  5  6  7  8  9 |
---------------+----------------------------+-----
Armour         | 1 2 4 |  4.3
Long Blades    | 3 4 5 6 |  6.3
Spellcasting   | 1 |  1.8
Dodging        | 4 5 6 |  6.6
Fighting       | 3 4 5 6 |  6.4
Shields        | 1 2 4 5 |  5.6
Throwing       | |  1.5

Action                   |  1- 3 |  4- 6 |  7- 9 | 10-12 || total
-------------------------+-------+-------+-------+-------++-------
Melee: Long sword        |    39 |       |    87 |       ||   126
       Dagger            |    58 |   107 |   338 |    11 ||   514
       Staff             |     1 |       |       |       ||     1
Throw: Dart              |       |       |    23 |     4 ||    27
 Cast: Foxfire           |     2 |     4 |       |       ||     6
  Use: Scroll            |       |     2 |    11 |       ||    13
 Stab: Sleeping          |     1 |       |       |       ||     1
Armor: Leather armour    |    15 |       |       |       ||    15
       Ring mail         |    19 |    39 |       |       ||    58
       Chain mail        |       |    24 |   232 |     4 ||   260
Dodge: Dodged            |    68 |    53 |   188 |     3 ||   312
Block: Kite shield       |       |       |    81 |    13 ||    94

Table legend: (Time is in decaauts)
 A = Elapsed time spent in this place.
 B = Non-inter-level travel time spent in this place.
 C = Inter-level travel time spent in this place.
 D = Time resting spent in this place.
 E = Time spent auto-exploring this place.
 F = Levels seen in this place.
 G = Mean time per level.
                   A        B        C        D        E       F      G
               +--------+--------+--------+--------+--------+-----+--------+
         Total |  11489 |  10496 |    993 |   2297 |   5953 |  10 | 1148.9 |
       Dungeon |  11489 |  10496 |    993 |   2297 |   5953 |  10 | 1148.9 |
               +--------+--------+--------+--------+--------+-----+--------+

Top non-repeatable levels by time:
     D:4: 2574 daAuts
     D:6: 2111 daAuts
     D:3: 1768 daAuts
     D:5: 1712 daAuts
     D:1: 911 daAuts
     D:9: 861 daAuts
     D:2: 793 daAuts
     D:7: 282 daAuts
    D:10: 243 daAuts
     D:8: 229 daAuts
